 Dungeon Crawl Stone Soup version 0.13.1-2-gfb2c2b7 (webtiles) character file.

58 Lilouch the Firebug (level 3, 0/19 HPs)
             Began as a Tengu Fire Elementalist on Dec 4, 2013.
             Slain by a jackal (2 damage)
             ... on Level 1 of the Dungeon.
             The game lasted 00:04:37 (696 turns).

Lilouch the Firebug (Tengu Fire Elementalist)        Turns: 696, Time: 00:04:38

HP   0/19        AC  2     Str  8      XL: 3   Next:  0%
MP   1/7         EV 12     Int 21      God:
Gold 35          SH  0     Dex 14      Spells:  1 memorised,  4 levels left

Res.Fire  : . . .   See Invis. : .   (no weapon)
Res.Cold  : . . .   Warding    : .   a - +0 robe
Life Prot.: . . .   Conserve   : .   (no shield)
Res.Poison: .       Res.Corr.  : .   (helmet restricted)
Res.Elec. : .       Clarity    : .   (no cloak)
Sust.Abil.: . .     Spirit.Shd : .   (no gloves)
Res.Mut.  : .       Stasis     : .   (boots unavailable)
Res.Rott. : .       Flight     : .   (no amulet)
Saprovore : . . .                    (no ring)
                                     d - +5 ring of intelligence

@: not resistant to hostile enchantments, fairly stealthy
A: beak, talons 3
a: no special abilities


You were on level 1 of the Dungeon.
You were not hungry.

You visited 1 branch of the dungeon, and saw 1 of its levels.

You collected 15 gold pieces.

Inventory:

Hand weapons
 i - a +0,+0 dagger (quivered)
Missiles
 n - 7 darts of frost
Armour
 a - a +0 robe (worn)
Comestibles
 c - a bread ration
 g - 2 pears
 h - 2 chunks of hobgoblin flesh
 j - a meat ration
 m - an apple
Scrolls
 e - a scroll of enchant weapon I {unknown}
 l - 2 scrolls of identify {unknown}
Jewellery
 d - a +5 ring of intelligence (left hand)
 o - a +3 ring of intelligence
Potions
 f - a potion of curing {unknown}
Books
 b - a book of Flames

   Spells                             Type                      Level
   *Flame Tongue                      Conjuration/Fire             1
   Throw Flame                        Conjuration/Fire             2
   Conjure Flame                      Conjuration/Fire             3
   Inner Flame                        Hexes/Fire                   3
   Sticky Flame                       Conjuration/Fire             4
   Fireball                           Conjuration/Fire             5


   Skills:
 - Level 2.1 Dodging
 - Level 2.0 Stealth
 + Level 1.5 Spellcasting
 + Level 2.0 Conjurations
 * Level 4.0 Fire Magic


You had 4 spell levels left.
You knew the following spells:

 Your Spells              Type           Power        Failure   Level  Hunger
a - Flame Tongue          Conj/Fire      ##...        6%          1    #......


Dungeon Overview and Level Annotations

Branches:
Dungeon (1/27)

Altars:


Innate Abilities, Weirdness & Mutations

You have a beak for a mouth.
You have claws for feet.


Message History

Aiming: Flame Tongue
Press: ? - help, Shift-Dir - straight line, f/p - jackal
Aim: a jackal (moderately wounded)
The flame misses the jackal.
The jackal completely misses you. The jackal closely misses you.
The jackal barely misses you.
Casting: Flame Tongue
Confirm with . or Enter, or press ? or * to list all spells.
Aiming: Flame Tongue
Press: ? - help, Shift-Dir - straight line, f/p - jackal
Aim: a jackal (moderately wounded)
The flame hits the jackal.
You kill the jackal!
Your Fire Magic skill increases to level 4!
You have reached level 3!
Your experience leads to an increase in your attributes!
Increase (S)trength, (I)ntelligence, or (D)exterity?
You feel clever. The jackal bites you.
You die...

#.# ... .....###....######
#.# #.###.#.....###.......#
#.# .... #......(###.###.#
#.# #%###.....###...# #.#
#.# ###.....%.###....(# #.#
#.######.#.......###...###(#
#)##
.........#.#####.....###...#
#.%. #.########.#
#%h.###.g...# ####
#.#....[...# #@###...K...#
#.#.############...###.K...#
#h#.# #............###...#
#.#.# #.######.......###.#
#...# #.##........# #####
#.##...###### #.#....%...#
#.##.#.###.# #. ### #.##..##


You could see a jackal.

Vanquished Creatures
  A giant gecko (D:1)
  A bat (D:1)
  A giant cockroach (D:1)
  3 hobgoblins (D:1)
  2 jackals (D:1)
  5 goblins (D:1)
  4 kobolds (D:1)
  3 rats (D:1)
20 creatures vanquished.

Notes
Turn   | Place    | Note
--------------------------------------------------------------
     0 | D:1      | Lilouch, the Tengu Fire Elementalist, began the quest for the Orb.
     0 | D:1      | Reached XP level 1. HP: 10/10 MP: 3/3
   277 | D:1      | Reached XP level 2. HP: 12/15 MP: 0/5
   696 | D:1      | Reached skill level 4 in Fire Magic
   696 | D:1      | Reached XP level 3. HP: 2/19 MP: 1/7
   696 | D:1      | Slain by a jackal

Action                   || total
-------------------------++-------
 Cast: Flame Tongue      ||    38
